 Dungeon Crawl Stone Soup version 0.29.1-2-gbd0b4ee654 (webtiles) character file.

Game seed: 2880508816657898622

3700 raph the Arsonist (level 9, 0/52 HPs)
             Began as a Deep Elf Fire Elementalist on Oct 31, 2022.
             Was a Believer of Vehumet.
             Slain by a slime creature (9 damage)
             ... on level 7 of the Dungeon.
             The game lasted 00:13:23 (9126 turns).

raph the Arsonist (Deep Elf Fire Elementalist)      Turns: 9126, Time: 00:13:24

Health: 0/52       AC:  9    Str:  5    XL:     9   Next: 91%
Magic:  18/23      EV: 16    Int: 25    God:    Vehumet [**....]
Gold:   150        SH:  0    Dex: 19    Spells: 8/24 levels left

rFire   + . .      SeeInvis .   i - +8 great sword of Katsauj {freeze, rF+ Dex+4}
rCold   . . .      Faith    .   (shield currently unavailable)
rNeg    . . .      Spirit   .   A - +0 robe {Will+}
rPois   .          Reflect  .   p - +0 helmet
rElec   .          Harm     .   v - +0 cloak
rCorr   .          Rampage  .   n - +0 pair of gloves
Will    +....                   (no boots)
Stlth   ++........              t - amulet of the acrobat
HPRegen 0.17/turn               g - +4 ring of protection
MPRegen 0.18/turn               l - ring of wizardry

@: no status effects
A: no striking features
a: Renounce Religion


You were on level 7 of the Dungeon.
You worshipped Vehumet.
Vehumet was pleased with you.
You visited 1 branch of the dungeon, and saw 7 of its levels.
You also visited: Sewer.

You collected 450 gold pieces.
You spent 300 gold pieces at shops.

Inventory:

Hand Weapons
 f - a +0 short sword
 i - the +8 great sword of Katsauj (weapon) {freeze, rF+ Dex+4}
   (You acquired it on level 2 of the Dungeon)

   It freezes those it strikes, dealing additional cold damage.
   It can also slow down cold-blooded creatures.
   Dex:       It affects your dexterity (+4).
   rF:        It protects you from fire.
Missiles
 d - 7 boomerangs
 r - 4 boomerangs of dispersal
Armour
 a - a +0 robe
 n - a +0 pair of gloves (worn)
 p - a +0 helmet (worn)
 u - a scarf of shadows
 v - a +0 cloak (worn)
 A - a +0 robe of willpower (worn)
 G - a +0 pair of boots
 H - an orb of guile
Jewellery
 g - a +4 ring of protection (left hand)
 l - a ring of wizardry (right hand)
 t - an amulet of the acrobat (around neck)
 y - an amulet of guardian spirit
 I - a +6 ring of intelligence
Wands
 k - a wand of acid (15)
 B - a wand of paralysis (8)
Scrolls
 h - a scroll of teleportation
 j - a scroll of enchant weapon
 q - a scroll of magic mapping
 z - a scroll of butterflies
 E - a scroll of amnesia
 F - 3 scrolls of silence {unknown}
Potions
 b - a potion of magic
 c - 3 potions of mutation
 e - 5 potions of attraction
 m - 4 potions of curing
 o - 5 potions of heal wounds
 s - 3 potions of cancellation
 w - 2 potions of haste
 x - a potion of berserk rage
 C - a potion of lignification {unknown}
 D - a potion of brilliance {unknown}


   Skills:
 + Level 4.3 Fighting
 + Level 6.9 Dodging
 - Level 2.4 Stealth
 + Level 8.0 Spellcasting
 + Level 6.5 Conjurations
 * Level 10.1 Fire Magic


You had 8 spell levels left.
You knew the following spells:

 Your Spells              Type           Power      Damage    Failure   Level
a - Foxfire               Conj/Fire      100%       2x1d9     1%          1
b - Scorch                Fire           100%       2d10      1%          2
c - Conjure Flame         Conj/Fire      51%        6-21      1%          3
d - Inner Flame           Hex/Fire       35%        N/A       1%          3
e - Flame Wave            Conj/Fire      51%        2d13      1%          4
f - Freeze                Ice            40%        1d6       2%          1
g - Blink                 Tloc           20%        N/A       3%          2

Your spell library contained the following spells:

 Spells                   Type           Power      Damage    Failure   Level
 Dazzling Flash           Conj/Hex       52%        N/A       1%          3
 Sublimation of Blood     Necr           10%        N/A       3%          2
 Wereblood                Tmut           10%        N/A       3%          2
 Lesser Beckoning         Tloc           10%        N/A       8%          3
 Manifold Assault         Tloc           10%        N/A       52%         5
 Summon Hydra             Summ           5%         N/A       100%        7


Dungeon Overview and Level Annotations

Branches:
Dungeon (7/15)             Temple (0/1) D:4           Sewer (visited)

Altars:
Ashenzari
Gozag
Hepliaklqana
Kikubaaqudgha
Vehumet
Wu Jian
The Shining One

Shops:
D:1 ?   D:3 =

Annotations:
D:4 1 runed translucent door, Aldia's ghost, amateur FeSu
D:6 3 runed translucent doors, caveywoolpert's ghost, novice GrEE
D:7 exclusion: boulder beetle


Message History

You start resting.
HP restored.
Things that are here:
a +0 short sword; a +0 chain mail; an orc corpse 2 slime creatures come into view.
Found two daggers.
The slime creature quivers.
Casting: Scorch (safe; 1% risk of failure)
Confirm with . or Enter, or press ? or * to list all spells.
The fire begins to smoulder!
The slime creature quivers.
The fire ignites!
You slash the slime creature! You freeze the slime creature!
The slime creature is moderately wounded.
The slime creature is engulfed in blazing flames.
The slime creature hits you!
The slime creature is engulfed in blazing flames.
The slime creature barely misses you.
You barely miss the slime creature.
The slime creature is almost dead.
The slime creature is engulfed in blazing flames.
You kill the slime creature!
Vehumet accepts your kill.
Your Spellcasting skill increases to level 8!
Casting: Conjure Flame (safe; 1% risk of failure)
Confirm with . or Enter, or press ? or * to list all spells.
The fire begins to smoulder!
The slime creature is engulfed in blazing flames.
The slime creature smothers the flame.
You hit the slime creature. You freeze the slime creature.
The slime creature is moderately wounded.
The slime creature misses you. x2
You slice the slime creature!! You freeze the slime creature.
The slime creature is severely wounded.
The slime creature hits you! x2
* * * LOW HITPOINT WARNING * * *
You barely miss the slime creature.
The slime creature is severely wounded.
The slime creature hits you!
You die...

.# #....## #..####....... ...
#..## ###............. ##..# #J##
##.#...######.... .###..## J.#
##.##...# #.... .(.###..#.#
##.###...### #....
.....##..######)## #.....# #....
#.....###.....ยง## #...#.## ##...
###....########J## #..##..# ##..
..#.......### ##@###..###.#####..
..#.#.......#####.##.####........
....####......####.#.............
....# ###......###..##########..
..### ######......# #.. ..#
######## #.. ..# ### ..# ..#


You could see a slime creature.

Vanquished Creatures
  A slime creature (D:7)
  A steam dragon (D:7)
  3 water moccasins
  3 ice beasts
  2 sky beasts
  3 orc warriors
  2 black bears
  3 ogres (D:5)
  A phantom (D:4)
  3 scorpions
  4 bullfrogs
  5 wights (D:6)
  3 howler monkeys (D:7)
  5 hounds
  5 jellies
  7 orc priests
  Ijyb (D:3)
  8 iguanas
  2 orc wizards (D:7)
  3 gnolls (D:5)
  9 adders
  2 white imps (D:6)
  An ufetubus (D:5)
  A worm (D:2)
  4 dart slugs
  18 orcs
  16 bats
  5 endoplasms
  2 giant cockroaches
  5 hobgoblins
  6 kobolds
  8 quokkas
  6 ball pythons
  2 frilled lizards
  4 rats
154 creatures vanquished.

Vanquished Creatures (others)
  294 foxfires
294 creatures vanquished.

Grand Total: 448 creatures vanquished

Notes
Turn   | Place    | Note
-------+----------+-------------------------------------------
     0 | D:1      | raph the Deep Elf Fire Elementalist began the quest for the
                  | Orb.
     0 | D:1      | Reached XP level 1. HP: 10/10 MP: 6/6
   208 | D:1      | Reached skill level 4 in Fire Magic
   208 | D:1      | Reached XP level 2. HP: 12/15 MP: 2/8
   407 | D:1      | Found Deipis's Magic Scroll Boutique.
   873 | D:1      | Learned a level 2 spell: Scorch
  1232 | D:2      | Reached XP level 3. HP: 19/19 MP: 2/9
  1498 | D:2      | Learned a level 3 spell: Conjure Flame
  1885 | D:2      | Identified a scroll of acquirement
  1885 | D:2      | Acquired the +8 great sword of Katsauj {freeze, rF+ Dex+4}
  2280 | D:3      | Reached XP level 4. HP: 20/24 MP: 3/10
  2336 | D:3      | Learned a level 3 spell: Inner Flame
  2653 | D:3      | Found a hazy altar of Hepliaklqana.
  2653 | D:3      | Found a radiant altar of Vehumet.
  2690 | D:3      | Became a worshipper of Vehumet
  2778 | D:3      | Reached skill level 5 in Fire Magic
  2977 | D:3      | Found a faded altar of an unknown god.
  3091 | D:3      | Found Qiokh's Jewellery Boutique.
  3283 | D:3      | Noticed Ijyb
  3287 | D:3      | Killed Ijyb
  3288 | D:3      | Reached XP level 5. HP: 28/28 MP: 7/12
  3956 | D:4      | Reached XP level 6. HP: 33/33 MP: 8/14
  4065 | D:4      | Learned a level 4 spell: Flame Wave
  4070 | D:4      | Reached skill level 1 in Fighting
  4070 | D:4      | Reached skill level 6 in Fire Magic
  4125 | D:4      | Reached * piety under Vehumet
  4125 | D:4      | Offered knowledge of Freeze by Vehumet.
  4456 | D:4      | Learned a level 1 spell: Freeze
  4465 | D:4      | Found a broken altar of Ashenzari.
  4558 | D:4      | Found a glowing golden altar of the Shining One.
  4609 | D:4      | Found an ancient bone altar of Kikubaaqudgha.
  4649 | D:4      | Found a staircase to the Ecumenical Temple.
  4844 | D:4      | Reached XP level 7. HP: 38/38 MP: 11/16
  5038 | D:4      | Found a runed translucent door.
  5040 | D:4      | Noticed Aldia's ghost (amateur FeSu)
  5042 | D:4      | Noticed a yak
  5357 | D:5      | Entered Level 5 of the Dungeon
  5497 | D:5      | Reached skill level 5 in Spellcasting
  5585 | D:5      | Learned a level 2 spell: Blink
  5634 | D:5      | Reached skill level 7 in Fire Magic
  5927 | D:5      | Reached XP level 8. HP: 33/44 MP: 15/18
  6534 | D:3      | Bought an amulet of the acrobat for 300 gold pieces
  6947 | D:5      | Reached skill level 5 in Dodging
  7140 | D:6      | Found a glowing drain.
  7144 | Sewer    | Entered a sewer
  7146 | Sewer    | Offered knowledge of Sandblast by Vehumet.
  7146 | Sewer    | Reached ** piety under Vehumet
  7206 | Sewer    | Reached skill level 8 in Fire Magic
  7452 | D:6      | Reached skill level 5 in Conjurations
  7893 | D:6      | Found a runed translucent gate.
  7894 | D:6      | Found a runed translucent gate.
  7894 | D:6      | Found an opulent altar of Gozag.
  7895 | D:6      | Found a runed translucent gate.
  7898 | D:6      | Noticed caveywoolpert's ghost (novice GrEE)
  7994 | D:6      | Reached XP level 9. HP: 51/51 MP: 12/21
  8010 | D:6      | Reached skill level 9 in Fire Magic
  8538 | D:7      | Found an ornate altar of the Wu Jian Council.
  8699 | D:7      | Noticed a boulder beetle
  8791 | D:7      | Offered knowledge of Dazzling Flash by Vehumet.
  9022 | D:7      | Reached skill level 10 in Fire Magic
  9126 | D:7      | Slain by a slime creature

Illustrated notes

Levels and vault maps discovered:
D:1:      dpeg_arrival_round_a, layout_rooms, serial_shops,
          nicolae_shop_statue_plus, minmay_tromino_i4
D:2:      layout_loops_ring, nrook_loot_triangle
D:3:      layout_basic, gammafunk_temple_overflow_elements, serial_shops,
          nicolae_shop_waterfront, nicolae_ecumenical_lake_church, uniq_ijyb
D:4:      layout_loops_ring, general_overflow_altar,
          mainiacjoe_overflow_large_starburst, minmay_temple_entry_slanted,
          ebering_ghost_inner_flame, small_statue_intersection
D:5:      layout_loops_ring
D:6:      layout_rooms, gup_sewer_entry_bowl, ebering_ghost_gozag,
          lightli_minifort
D:7:      minmay_the_grid_triangle_9x9_recursive_2
          [minmay_the_grid_triangle_9x9_prize_insulated,
          minmay_the_grid_triangle_9x9_minimal,
          minmay_the_grid_triangle_9x9_warning,
          minmay_the_grid_triangle_9x9_semitri], layout_rooms,
          nzn_wu_jian_council_hall

Skill      XL: |  1  2  3  4  5  6  7  8  9 |
---------------+----------------------------+-----
Fire Magic     | 4 5 6 7 8 10 | 10.1
Conjurations   | 2 3 4 5 6 |  6.5
Spellcasting   | 4 5 7 8 |  8.0
Fighting       | 1 2 3 4 |  4.3
Dodging        | 3 4 5 6 |  6.9
Stealth        | |  2.4

Action                   |  1- 3 |  4- 6 |  7- 9 || total
-------------------------+-------+-------+-------++-------
Melee: Unarmed           |     9 |       |       ||     9
       Short sword       |     5 |       |       ||     5
       Great sword       |     7 |    10 |    19 ||    36
 Cast: Foxfire           |    47 |    52 |    78 ||   177
       Scorch            |    18 |    20 |    43 ||    81
       Flame Wave        |       |     1 |    18 ||    19
       Conjure Flame     |       |       |     5 ||     5
       Inner Flame       |       |       |     3 ||     3
  Use: Scroll            |     4 |    10 |     3 ||    17
 Stab: Sleeping          |     1 |       |     1 ||     2
Armor: Robe              |    17 |     9 |    15 ||    41
Dodge: Dodged            |    20 |    37 |    41 ||    98
